 Dungeon Crawl Stone Soup version 0.28.0-45-g0d030f2227 (webtiles) character file.

Game seed: 17947562309454279109

8365 MisterFreud the Covert (level 11, -2/80 HPs)
             Began as a Gnoll Delver on Apr 11, 2022.
             Was a Priest of Hepliaklqana.
             Slain by a skeletal warrior
             ... wielding a +0 mace
              (7 damage)
             ... on level 8 of the Dungeon.
             The game lasted 00:14:01 (6272 turns).

MisterFreud the Covert (Gnoll Delver)               Turns: 6272, Time: 00:14:01

Health: -2/80      AC: 14    Str: 11    XL:     11   Next: 29%
Magic:  20/20      EV: 18    Int: 15    God:    Hepliaklqana [***...]
Gold:   650        SH:  8    Dex: 19    Spells: 22/22 levels left

rFire   . . .      SeeInvis .   L - +1 trident (venom)
rCold   . . .      Faith    .   u - +2 buckler {AC+3}
rNeg    . . .      Spirit   .   y - +5 ring mail "Woshrib" {Stlth+}
rPois   .          Reflect  .   (no helmet)
rElec   .          Harm     .   (no cloak)
rCorr   .          Rampage  .   (no gloves)
Will    .....                   (no boots)
Stlth   +++++.....              h - amulet of regeneration
HPRegen 1.03/turn               j - +4 ring of evasion
MPRegen 0.17/turn               r - +6 ring of dexterity

@: no status effects
A: reduced essence, fangs 1, strong nose, distributed training
a: Renounce Religion, Recall Ancestor, Ancestor Identity, Transference


You were on level 8 of the Dungeon.
You worshipped Hepliaklqana.
Hepliaklqana was most pleased with you.
You visited 1 branch of the dungeon, and saw 8 of its levels.

You collected 650 gold pieces.

Inventory:

Hand Weapons
 a - a +0 short sword
 o - a +0 dagger of draining
 s - a +2 whip of venom
 G - a +4 quarterstaff of chaos
 L - a +1 trident of venom (weapon)
Missiles
 t - 2 throwing nets
 A - 11 poisoned darts (quivered)
 B - 11 boomerangs
Armour
 b - a +0 leather armour
 u - a +2 buckler of protection (worn)
 y - the +5 ring mail "Woshrib" (worn) {Stlth+}
   (You found it on level 6 of the Dungeon)

   Stlth:     It makes you more stealthy.
 J - +0 steam dragon scales
Jewellery
 h - an amulet of regeneration (around neck)
 j - a +4 ring of evasion (left hand)
 r - a +6 ring of dexterity (right hand)
 v - a ring of magical power
 H - an amulet of reflection
 I - a ring of wizardry
Wands
 g - a wand of digging (3)
 z - a wand of polymorph (8)
 K - a wand of paralysis (10)
Scrolls
 c - 4 scrolls of fog
 d - a scroll of magic mapping
 e - a scroll of fear
 i - a scroll of silence
 m - a scroll of teleportation
 q - a scroll of vulnerability
 x - a scroll of immolation
 C - a scroll of enchant weapon
 E - 2 scrolls of identify
Potions
 f - 2 potions of haste
 k - 4 potions of heal wounds
 l - 5 potions of curing {unknown}
 n - 3 potions of ambrosia
 p - a potion of might
 w - a potion of flight
 D - a potion of cancellation
 F - a potion of brilliance {unknown}


   Skills:
 + Level 9.1 Fighting
 + Level 7.7 Short Blades
 + Level 6.1 Long Blades
 + Level 6.1 Axes
 + Level 6.1 Maces & Flails
 + Level 6.1 Polearms
 + Level 6.1 Staves
 + Level 6.1 Slings
 + Level 6.1 Bows
 + Level 6.1 Crossbows
 + Level 6.1 Throwing
 + Level 6.1 Armour
 + Level 7.7 Dodging
 + Level 11.3 Stealth
 + Level 6.1 Shields
 + Level 6.1 Unarmed Combat
 + Level 6.1 Spellcasting
 + Level 5.1 Conjurations
 + Level 5.1 Hexes
 + Level 5.1 Summonings
 + Level 5.1 Necromancy
 + Level 5.1 Translocations
 + Level 5.1 Transmutations
 + Level 5.1 Fire Magic
 + Level 5.1 Ice Magic
 + Level 5.1 Air Magic
 + Level 5.1 Earth Magic
 + Level 5.1 Poison Magic
 + Level 6.7 Invocations
 + Level 6.1 Evocations


You had 22 spell levels left.
You didn't know any spells.
Your spell library contained the following spells:

 Spells                   Type           Power      Damage    Failure   Level
 Sandblast                Erth           38%        2d10      4%          1
 Shock                    Conj/Air       76%        1d7       4%          1
 Slow                     Hex            76%        N/A       4%          1
 Passwall                 Tmut/Erth      15%        N/A       8%          2
 Confusing Touch          Hex            19%        N/A       16%         3
 Ignite Poison            Fire/Tmut/Pois 19%        N/A       16%         3
 Mephitic Cloud           Conj/Pois/Air  19%        N/A       16%         3
 Ozocubu's Armour         Ice            19%        N/A       16%         3
 Stone Arrow              Conj/Erth      38%        3d9       16%         3
 Swiftness                Air            19%        N/A       16%         3
 Vampiric Draining        Necr           19%        2d7       16%         3
 Airstrike                Air            9%         N/A       45%         4
 Animate Armour           Summ/Erth      38%        N/A       45%         4
 Alistair's Intoxication  Tmut/Pois      12%        N/A       80%         5
 Blade Hands              Tmut           9%         N/A       80%         5
 Borgnjor's Vile Clutch   Necr/Erth      9%         N/A       80%         5
 Freezing Cloud           Conj/Ice/Air   9%         6-21      80%         5
 Metabolic Englaciation   Hex/Ice        9%         N/A       80%         5
 Eringya's Noxious Bog    Tmut/Pois      9%         N/A       100%        6
 Iron Shot                Conj/Erth      9%         9d3       100%        6
 Simulacrum               Ice/Necr       9%         N/A       100%        6


Dungeon Overview and Level Annotations

Branches:
Dungeon (8/15)             Temple (0/1) D:4
   Lair: D:8-11

Altars:
Ashenzari
Hepliaklqana
Nemelex Xobeh
Okawaru
Sif Muna
Uskayaw
Vehumet

Shops:
D:3 :(([

Annotations:
D:5 2 transporters


Innate Abilities, Weirdness & Mutations

Your life essence is reduced to manifest your ancestor. (-10% HP)
You have very sharp teeth.
Your uncanny sense of smell can sniff out nearby items.
Your experience applies equally to all skills.


Message History

The skeletal warrior is heavily damaged.
You block the skeletal warrior's attack.
Centenhua hits the skeletal warrior with a +0 flail!
You hit the skeletal warrior but do no damage.
The skeletal warrior is severely damaged.
You block the skeletal warrior's attack.
Centenhua hits the skeletal warrior with a +0 flail.
You hit the skeletal warrior but do no damage.
The skeletal warrior is severely damaged.
The skeletal warrior hits you with a +0 mace.
Centenhua hits the skeletal warrior but does no damage.
You hit the skeletal warrior but do no damage.
The skeletal warrior is severely damaged.
The skeletal warrior hits you with a +0 mace!
Centenhua completely misses the skeletal warrior.
You hit the skeletal warrior.
You bite the skeletal warrior, but do no damage.
The skeletal warrior is severely damaged.
The skeletal warrior hits you with a +0 mace!
* * * LOW HITPOINT WARNING * * *
Centenhua hits the skeletal warrior with a +0 flail.
You hit the skeletal warrior.
The skeletal warrior is almost destroyed.
The skeletal warrior barely misses you.
Centenhua hits the skeletal warrior but does no damage.
You hit the skeletal warrior but do no damage.
You bite the skeletal warrior, but do no damage.
The skeletal warrior is almost destroyed.
The skeletal warrior hits you with a +0 mace!
* * * LOW HITPOINT WARNING * * *
Centenhua hits the skeletal warrior with a +0 flail!
You closely miss the skeletal warrior.
The skeletal warrior is almost destroyed.
The skeletal warrior hits you with a +0 mace!
* * * LOW HITPOINT WARNING * * *
Centenhua barely misses the skeletal warrior.
You hit the skeletal warrior but do no damage.
The skeletal warrior is almost destroyed.
The skeletal warrior hits you with a +0 mace!
You die...

#......≈# .. #### #......≈####.
#... #......≈...... #...
#......≈......####... #......≈#
#..').#..# ##########.....)≈#∆
#..#).#..# ##.....#.........≈#
#. #))#))# ##...).[)......z..≈#
.. #..#)))
#..............@R.≈#.. #..)...
#........[........≈##### #..####
#............†....#≈≈≈≈≈≈≈≈≈≈≈≈≈
#....(.....[.<....####.#########
#...........[.....# #.# #
##...(............# #.# #
##.......^...#.#.####.#########
######.####...#........)......
#..####.....#......÷......


You could see the friendly Centenhua the knight and a skeletal warrior (ally
target).

Vanquished Creatures
  Pikel (D:5)
  2 trolls (D:8)
  Prince Ribbit (D:6)
  4 yaks
  Sigmund (D:6)
  A steam dragon (D:8)
  A water moccasin (D:6)
  An orc warrior (D:8)
  A black bear (D:7)
  A phantom (D:6)
  2 centaurs
  A kobold brigand (D:6)
  2 bullfrogs
  A water moccasin zombie (D:5)
  6 wights
  A centaur zombie (D:7)
  A jelly (D:5)
  2 orc priests
  A hound (D:5)
  2 iguanas
  2 orc wizards (D:8)
  Natasha (twice) (D:3)
  A howler monkey zombie (D:6)
  13 gnolls
  4 adders
  3 white imps
  An adder skeleton (D:4)
  2 worms (D:3)
  23 orcs
  7 ball pythons
  3 bats
  6 endoplasms
  5 giant cockroaches
  2 goblins
  9 hobgoblins
  6 jackals
  A quokka (D:2)
  3 frilled lizards
  5 kobolds
  7 rats
138 creatures vanquished.

Vanquished Creatures (collateral kills)
  A centaur warrior (D:8)
  An ugly thing (D:7)
  Joseph (D:8)
  7 yaks
  Menkaure (D:6)
  Duvessa (D:7)
  2 water moccasins (D:8)
  3 orc warriors
  2 hornet zombies
  2 necrophages
  6 centaurs
  3 bullfrogs (D:8)
  A scorpion (D:5)
  A wyvern skeleton (D:7)
  Dowan (D:7)
  4 wights
  A killer bee (D:7)
  A howler monkey (D:8)
  A bullfrog zombie (D:5)
  A gnoll shaman (D:8)
  An orc priest (D:4)
  Crazy Yiuf (D:7)
  2 centaur skeletons
  4 orc wizards
  A scorpion zombie (D:5)
  2 killer bee zombies
  A gnoll (D:5)
  A howler monkey zombie (D:8)
  A white imp (D:6)
  9 orcs
  A goblin (D:4)
  2 hobgoblins (D:4)
  2 kobolds (D:6)
69 creatures vanquished.

Vanquished Creatures (others)
  2 ancestors (D:5)
  An orc (D:8)
  5 fungi (D:8)
  9 plants (D:8)
17 creatures vanquished.

Grand Total: 224 creatures vanquished

Notes
Turn   | Place    | Note
-------+----------+-------------------------------------------
     0 | D:5      | Reached skill level 9 in Stealth
     0 | D:5      | MisterFreud the Gnoll Delver began the quest for the Orb.
     0 | D:5      | Reached XP level 1. HP: 23/23 MP: 1/1
     7 | D:4      | Noticed an orc priest
    39 | D:3      | Found Carr's Book Boutique.
    46 | D:3      | Noticed an orc wizard
   219 | D:1      | Reached XP level 2. HP: 28/29 MP: 2/2
   733 | D:2      | Reached XP level 3. HP: 35/35 MP: 3/3
   757 | D:2      | Found a hazy altar of Hepliaklqana.
   769 | D:2      | Reached skill level 1 in Invocations
   783 | D:2      | Reached skill level 1 in Long Blades
   783 | D:2      | Reached skill level 1 in Axes
   783 | D:2      | Reached skill level 1 in Maces & Flails
   783 | D:2      | Reached skill level 1 in Polearms
   783 | D:2      | Reached skill level 1 in Staves
   783 | D:2      | Reached skill level 1 in Slings
   783 | D:2      | Reached skill level 1 in Bows
   783 | D:2      | Reached skill level 1 in Crossbows
   783 | D:2      | Reached skill level 1 in Throwing
   783 | D:2      | Reached skill level 1 in Armour
   783 | D:2      | Reached skill level 1 in Shields
   783 | D:2      | Reached skill level 1 in Unarmed Combat
   783 | D:2      | Reached skill level 1 in Spellcasting
   783 | D:2      | Reached skill level 1 in Evocations
   783 | D:2      | Reached XP level 4. HP: 31/41 MP: 5/5
   909 | D:2      | Became a worshipper of Hepliaklqana the Forgotten
  1270 | D:2      | Found a faded altar of an unknown god.
  1475 | D:3      | Reached skill level 1 in Conjurations
  1475 | D:3      | Reached skill level 1 in Hexes
  1475 | D:3      | Reached skill level 1 in Summonings
  1475 | D:3      | Reached skill level 1 in Necromancy
  1475 | D:3      | Reached skill level 1 in Translocations
  1475 | D:3      | Reached skill level 1 in Transmutations
  1475 | D:3      | Reached skill level 1 in Fire Magic
  1475 | D:3      | Reached skill level 1 in Ice Magic
  1475 | D:3      | Reached skill level 1 in Air Magic
  1475 | D:3      | Reached skill level 1 in Earth Magic
  1475 | D:3      | Reached skill level 1 in Poison Magic
  1497 | D:3      | Reached XP level 5. HP: 35/47 MP: 6/6
  1592 | D:3      | Reached * piety under Hepliaklqana
  1866 | D:3      | Noticed a necrophage
  1883 | D:3      | Killed a necrophage
  1884 | D:3      | Reached XP level 6. HP: 47/47 MP: 8/8
  1906 | D:3      | Found Ivoef's Weapon Boutique.
  1973 | D:3      | Found Eleurobe's Weapon Emporium.
  2027 | D:3      | Reached skill level 5 in Short Blades
  2027 | D:3      | Reached skill level 5 in Dodging
  2059 | D:3      | Noticed Natasha
  2066 | D:3      | Killed Natasha
  2155 | D:3      | Found Girchuvu's Antique Armour Boutique.
  2342 | D:3      | Noticed Natasha
  2350 | D:3      | Killed Natasha
  2433 | D:4      | Reached XP level 7. HP: 48/53 MP: 10/10
  2526 | D:4      | Found a sparkling altar of Nemelex Xobeh.
  2646 | D:4      | Found a staircase to the Ecumenical Temple.
  2784 | D:4      | Noticed a yak
  3044 | D:5      | Noticed Pikel
  3090 | D:5      | Killed Pikel
  3091 | D:5      | Reached skill level 10 in Stealth
  3091 | D:5      | Reached XP level 8. HP: 59/60 MP: 10/12
  3173 | D:5      | Found a transporter.
  3176 | D:5      | Found a broken altar of Ashenzari.
  3176 | D:5      | Noticed a wraith
  3176 | D:5      | Noticed a yak
  3177 | D:5      | Found a transporter.
  3178 | D:5      | Found a hazy altar of Hepliaklqana.
  3182 | D:5      | Noticed a wyvern
  3186 | D:5      | Noticed a yak
  3187 | D:5      | Noticed a yak
  3189 | D:5      | Noticed a yak
  3190 | D:5      | Noticed a yak
  3311 | D:5      | Reached ** piety under Hepliaklqana
  3335 | D:5      | Remembered your ancestor Centenhua as a knight
  3364 | D:6      | Identified the +5 ring mail "Woshrib" {Stlth+}
  3421 | D:6      | Noticed Sigmund
  3428 | D:6      | Killed Sigmund
  3527 | D:6      | Noticed Prince Ribbit
  3533 | D:6      | Killed Prince Ribbit
  3577 | D:6      | Noticed Menkaure
  3600 | D:6      | Killed Menkaure
  3601 | D:6      | Reached XP level 9. HP: 37/64 MP: 14/14
  4087 | D:5      | Found an iron altar of Okawaru.
  4362 | D:4      | Reached skill level 5 in Invocations
  4998 | D:7      | Reached XP level 10. HP: 72/72 MP: 17/17
  5183 | D:7      | Reached *** piety under Hepliaklqana
  5238 | D:7      | Reached skill level 5 in Long Blades
  5238 | D:7      | Reached skill level 5 in Axes
  5238 | D:7      | Reached skill level 5 in Maces & Flails
  5238 | D:7      | Reached skill level 5 in Polearms
  5238 | D:7      | Reached skill level 5 in Staves
  5238 | D:7      | Reached skill level 5 in Slings
  5238 | D:7      | Reached skill level 5 in Bows
  5238 | D:7      | Reached skill level 5 in Crossbows
  5238 | D:7      | Reached skill level 5 in Throwing
  5238 | D:7      | Reached skill level 5 in Armour
  5238 | D:7      | Reached skill level 5 in Shields
  5238 | D:7      | Reached skill level 5 in Unarmed Combat
  5238 | D:7      | Reached skill level 5 in Spellcasting
  5238 | D:7      | Reached skill level 5 in Evocations
  5244 | D:7      | Noticed Dowan
  5246 | D:7      | Noticed Duvessa
  5255 | D:7      | Killed Dowan
  5263 | D:7      | Killed Duvessa
  5387 | D:7      | Found a runed translucent door.
  5388 | D:7      | Noticed Crazy Yiuf
  5603 | D:7      | Killed Crazy Yiuf
  5657 | D:8      | Noticed a purple ugly thing
  5687 | D:7      | Killed a purple ugly thing
  5716 | D:8      | Noticed Joseph
  5733 | D:8      | Killed Joseph
  5737 | D:8      | Reached skill level 11 in Stealth
  5770 | D:8      | Noticed a centaur warrior
  5785 | D:8      | Killed a centaur warrior
  5876 | D:8      | Reached XP level 11. HP: 70/78 MP: 19/19
  5967 | D:8      | Reached skill level 5 in Conjurations
  5967 | D:8      | Reached skill level 5 in Hexes
  5967 | D:8      | Reached skill level 5 in Summonings
  5967 | D:8      | Reached skill level 5 in Necromancy
  5967 | D:8      | Reached skill level 5 in Translocations
  5967 | D:8      | Reached skill level 5 in Transmutations
  5967 | D:8      | Reached skill level 5 in Fire Magic
  5967 | D:8      | Reached skill level 5 in Ice Magic
  5967 | D:8      | Reached skill level 5 in Air Magic
  5967 | D:8      | Reached skill level 5 in Earth Magic
  5967 | D:8      | Reached skill level 5 in Poison Magic
  6186 | D:8      | Found a radiant altar of Vehumet.
  6200 | D:8      | Found a hide-covered altar of Uskayaw.
  6200 | D:8      | Found a shimmering blue altar of Sif Muna.
  6241 | D:8      | Noticed a skeletal warrior
  6271 | D:8      | HP: 4/80 [skeletal warrior/+0 mace (7)]
  6272 | D:8      | Slain by a skeletal warrior

Illustrated notes

Levels and vault maps discovered:
D:1:      lightli_arrival_quake, layout_rooms
D:2:      minmay_angry_zag, layout_basic, basic_altar,
          dreamdust_ecumenical_altar_statues, kennysheep_generic_room_11
D:3:      layout_basic, serial_shops, shop,
          nicolae_shop_competitors_out_of_business,
          nicolae_shop_bloodbath_and_beyond, nicolae_shop_behind_doors,
          uniq_natasha
D:4:      layout_rooms, mainiacjoe_overflow_surrounded_room,
          minmay_temple_entry_drinking_statues, small_statue_alley_b,
          nzn_random_ring
D:5:      layout_cave_pods, mainiacjoe_overflow_alcove_1,
          gammafunk_temple_overflow_arena, uniq_pikel
D:6:      layout_loops_cross, uniq_sigmund, uniq_prince_ribbit1, uniq_menkaure
D:7:      layout_rooms, uniq_crazy_yiuf_cottage, uniq_duvessa
D:8:      cheibrodos_ideogram_h, layout_rooms, minitemple,
          grunt_lair_entry_orc_guard_hut, lightli_church_of_beogh, uniq_joseph

Skill      XL: |  1  2  3  4  5  6  7  8  9 10 11 |
---------------+----------------------------------+-----
Stealth        | 10 11 | 11.3
Invocations    | 1 2 3 4 5 6 |  6.7
Long Blades    | 1 2 3 4 5 6 |  6.1
Axes           | 1 2 3 4 5 6 |  6.1
Maces & Flails | 1 2 3 4 5 6 |  6.1
Polearms       | 1 2 3 4 5 6 |  6.1
Staves         | 1 2 3 4 5 6 |  6.1
Slings         | 1 2 3 4 5 6 |  6.1
Bows           | 1 2 3 4 5 6 |  6.1
Crossbows      | 1 2 3 4 5 6 |  6.1
Throwing       | 1 2 3 4 5 6 |  6.1
Armour         | 1 2 3 4 5 6 |  6.1
Shields        | 1 2 3 4 5 6 |  6.1
Unarmed Combat | 1 2 3 4 5 6 |  6.1
Spellcasting   | 1 2 3 4 5 6 |  6.1
Evocations     | 1 2 3 4 5 6 |  6.1
Conjurations   | 1 2 3 4 5 |  5.1
Hexes          | 1 2 3 4 5 |  5.1
Summonings     | 1 2 3 4 5 |  5.1
Necromancy     | 1 2 3 4 5 |  5.1
Translocations | 1 2 3 4 5 |  5.1
Transmutations | 1 2 3 4 5 |  5.1
Fire Magic     | 1 2 3 4 5 |  5.1
Ice Magic      | 1 2 3 4 5 |  5.1
Air Magic      | 1 2 3 4 5 |  5.1
Earth Magic    | 1 2 3 4 5 |  5.1
Poison Magic   | 1 2 3 4 5 |  5.1
Short Blades   | 5 6 7 |  7.7
Dodging        | 5 6 7 |  7.7
Fighting       | 7 8 9 |  9.1

Action                   |  1- 3 |  4- 6 |  7- 9 | 10-12 || total
-------------------------+-------+-------+-------+-------++-------
Melee: Short sword       |    50 |       |       |       ||    50
       Bite              |     6 |    14 |    53 |    52 ||   125
       Dagger            |    15 |   173 |   346 |       ||   534
       Whip              |       |       |    40 |   240 ||   280
       Trident           |       |       |       |    26 ||    26
Invok: Ancestor Life: Kn |       |       |     1 |       ||     1
       Recall Ancestor   |       |       |     1 |     2 ||     3
  Use: Scroll            |       |       |     8 |     3 ||    11
 Stab: Sleeping          |     5 |     9 |    17 |     6 ||    37
       Distracted        |       |     1 |     1 |     3 ||     5
Armor: Leather armour    |     9 |    20 |    19 |       ||    48
       Ring mail         |       |       |    45 |    85 ||   130
Dodge: Dodged            |    46 |   107 |   182 |   234 ||   569
Block: Buckler           |       |    17 |    86 |   139 ||   242
